 Dungeon Crawl Stone Soup version 0.24.0-123-gd5b16e6ec5 (webtiles) character file.

Game seed: 18179641371081050608, levelgen mode: deterministic

340 Froggeryz the Chopper (level 6, 0/76 HPs)
             Began as a Minotaur Fire Elementalist on Dec 30, 2019.
             Succumbed to a worker ant's poison
             ... on level 3 of the Dungeon.
             The game lasted 00:04:49 (3388 turns).

Froggeryz the Chopper (Minotaur Fire Elementalist)  Turns: 3388, Time: 00:04:49

Health: 0/76       AC: 23    Str: 15    XL:     6   Next: 30%
Magic:  7/7        EV:  2    Int: 12    God:
Gold:   164        SH:  0    Dex: 15    Spells: 6/7 levels left

rFire    . . .     SeeInvis .   a - +0 hand axe
rCold    . . .     Gourm    .   (no shield)
rNeg     + + +     Faith    .   (armour currently unavailable)
rPois    +         Spirit   .   (helmet currently unavailable)
rElec    .         Reflect  .   (cloak currently unavailable)
rCorr    .         Harm     .   (gloves currently unavailable)
MR       .....     NoTele   +   (boots currently unavailable)
Stlth    +++.......             (no amulet)
HPRegen  0.22/turn              (no ring)
MPRegen  0.10/turn              (no ring)

@: agile, lethally poisoned (0 -> -6), tree-form, hasted, very quick
A: (retaliatory headbutt)
a: no special abilities


You were on level 3 of the Dungeon.
You were not hungry.
You were a tree.
You visited 1 branch of the dungeon, and saw 4 of its levels.

You collected 164 gold pieces.

Inventory:

Hand Weapons
 a - a +0 hand axe (weapon)
Armour
 b - a +0 leather armour (melded)
 g - a +0 chain mail
Scrolls
 d - 3 scrolls of magic mapping
 e - a scroll of amnesia {unknown}
 f - a scroll of remove curse
 j - a scroll of fear {unknown}
 k - a scroll of teleportation {unknown}
 l - 3 scrolls of identify
 n - 2 scrolls of fog
 p - a scroll of immolation {unknown}
Comestibles
 c - 9 rations


   Skills:
 - Level 3.0 Fighting
 * Level 5.9 Axes
 + Level 3.2 Armour
 - Level 2.1 Dodging
 - Level 1.5 Stealth
 - Level 1.3 Spellcasting
 - Level 0.6 Conjurations
 - Level 2.1 Fire Magic


You had 6 spell levels left.
You knew the following spells:

 Your Spells              Type           Power        Failure   Level  Hunger
a - Flame Tongue          Conj/Fire      #....        17%         1    ##.....

Your spell library contained the following spells:

 Spells                   Type           Power        Failure   Level  Hunger
 Magic Dart               Conj           #...         22%         1    ##.....
 Throw Flame              Conj/Fire      #.....       26%         2    ###....
 Blink                    Tloc           N/A          41%         2    ###....
 Call Imp                 Summ           #.......     41%         2    ###....
 Slow                     Hex            #.......     41%         2    ###....
 Conjure Flame            Conj/Fire      #.......     45%         3    ####...
 Inner Flame              Hex/Fire       #.......     50%         3    ####...
 Mephitic Cloud           Conj/Pois/Air  #.......     63%         3    ####...
 Sticky Flame             Conj/Fire      #.......     86%         4    #####..
 Fireball                 Conj/Fire      #.........   99%         5    ######.


Dungeon Overview and Level Annotations

Branches:
Dungeon (4/15)
 Temple: D:4-7

Altars:
Nemelex Xobeh
Vehumet
Wu Jian
Zin

Shops:
D:4 *


Innate Abilities, Weirdness & Mutations

((You reflexively headbutt those who attack you in melee.))
((You have a pair of horns on your head.))


Message History

Your roots penetrate the ground.
* * * LOW HITPOINT WARNING * * *
You feel sick.
You closely miss the worker ant.
The worker ant is severely wounded.
* * * LOW HITPOINT WARNING * * *
You feel sick.
The worker ant bites you but does no damage.
You hit the worker ant.
You kill the worker ant!
You cannot move.
You aren't carrying any potions.
Okay, then.
There is a lethal amount of poison in your body!
There is a lethal amount of poison in your body!
* * * LOW HITPOINT WARNING * * *
You feel sick.
* * * LOW HITPOINT WARNING * * *
You feel sick.
You die...

#...#...#.#.#.#..#......#
#.##.#
#.#...#.#.#.#.#..#.....##
#.##.#
....#.#.#.#.#.#..#...#.#
#.##.#
###.###.#.#.#.#......#.###
#.##.# #.#
#.#.#..............# #.##..
### #.#.###.##....##.#.#
#.####
#.#.#...##....##.#.###.#
#####
#.#.#.####....##......>####
....#
#.#.#.....♣..#####.........
....# #.#.#####....#
########## ....#
#.#.#####....###### ....#
#.#.#........#)...# ....#
#.#.......#..##.### ....#
#.###.##......#(# ....# #.#
#.#.....###<######## ....#
#.# #.#.......#.#......#
....# #.#
#.#.....#.#.#.####.#


There were no monsters in sight!

Vanquished Creatures
  An ogre (D:4)
  A big kobold (D:2)
  Terence (D:3)
  A worker ant (D:3)
  5 adders
  An ooze (D:4)
  An adder skeleton (D:2)
  3 worms
  A dart slug (D:1)
  2 leopard geckos
  2 orcs
  10 bats
  2 giant cockroaches
  7 goblins
  4 hobgoblins
  9 kobolds
  2 quokkas (D:2)
  7 ball pythons
  7 frilled lizards
  9 rats
76 creatures vanquished.

Notes
Turn   | Place    | Note
-------+----------+-------------------------------------------
     0 | D:1      | Froggeryz the Minotaur Fire Elementalist began the quest
                  | for the Orb.
     0 | D:1      | Reached XP level 1. HP: 14/14 MP: 1/1
    27 | D:1      | Reached skill level 1 in Fighting
   284 | D:1      | Reached XP level 2. HP: 22/24 MP: 3/3
   710 | D:1      | Reached skill level 1 in Axes
   877 | D:2      | Reached XP level 3. HP: 31/31 MP: 4/4
  1078 | D:2      | Reached skill level 2 in Axes
  1200 | D:2      | Found a sparkling altar of Nemelex Xobeh.
  1627 | D:2      | Noticed a big kobold
  1643 | D:2      | Killed a big kobold
  1643 | D:2      | Reached skill level 4 in Axes
  1643 | D:2      | Reached skill level 1 in Armour
  1643 | D:2      | Reached XP level 4. HP: 18/38 MP: 5/5
  1834 | D:2      | Reached XP level 5. HP: 42/45 MP: 6/6
  2088 | D:3      | Found a glowing silver altar of Zin.
  2089 | D:3      | Found a radiant altar of Vehumet.
  2089 | D:3      | Found an ornate altar of the Wu Jian Council.
  2177 | D:3      | You fall into a shaft and drop 1 floor!
  3152 | D:3      | Noticed Terence
  3166 | D:3      | Killed Terence
  3166 | D:3      | Reached skill level 5 in Axes
  3359 | D:4      | Noticed an ogre
  3361 | D:4      | Found Baicakimo's Assorted Antiques.
  3367 | D:4      | Killed an ogre
  3367 | D:4      | Reached XP level 6. HP: 28/51 MP: 7/7
  3381 | D:3      | HP: 2/51 [poisoned by a worker ant]
  3386 | D:3      | HP: 1/76 [poisoned by a worker ant]
  3388 | D:3      | Succumbed to a worker ant's poison

Levels and vault maps discovered:
D:1:      saegor_arrival_simple_a, layout_loops_ring, minmay_statues_item
D:2:      minmay_chambers_of_ones, layout_basic, old_standard_altar,
          first_ration
D:3:      layout_basic, grunt_temple_overflow_open, minmay_snake_closets,
          uniq_terence
D:4:      layout_loops_ring, nicolae_overflow_hidden_temple,
          minmay_temple_entry_offerings, serial_shops, shop

Skill      XL: |  1  2  3  4  5 |
---------------+----------------+-----
Fighting       | 2 3 |  3.0
Axes           | 1 4 5 |  5.9
Armour         | 1 3 |  3.2
Dodging        | |  2.1
Stealth        | |  1.5
Spellcasting   | |  1.3
Conjurations   | |  0.6
Fire Magic     | |  2.1

Action                   |  1- 3 |  4- 6 || total
-------------------------+-------+-------++-------
Melee: Unarmed           |    24 |       ||    24
       Headbutt          |    13 |    12 ||    25
       Hand axe          |    93 |   104 ||   197
       Mace              |    15 |       ||    15
  Use: Scroll            |     4 |     1 ||     5
       Potion            |       |     3 ||     3
 Stab: Sleeping          |     2 |     5 ||     7
  Eat: Chunk             |     2 |     6 ||     8
Armor: Robe              |     4 |       ||     4
       Leather armour    |    32 |    18 ||    50
       Skin              |       |     1 ||     1
Dodge: Dodged            |    98 |    55 ||   153
